 Dungeon Crawl Stone Soup version 0.13-a0-2584-g2e76cfd (webtiles) character file.

2385 Kae the Basher (level 9, -1/72 HPs)
             Began as a Minotaur Berserker on July 31, 2013.
             Was an Elder of Trog.
             Killed by divine providence
             ... invoked by an orc priest
              (12 damage)
             ... on Level 7 of the Dungeon.
             The game lasted 00:09:14 (6139 turns).

Kae the Basher (Minotaur Berserker)                 Turns: 6139, Time: 00:09:15

HP  -1/72        AC 10     Str 24      XL: 9   Next: 11%
MP   3/3         EV 10     Int  6      God: Trog [****..]
Gold 215         SH  0     Dex  8      Spells:  0 memorised,  8 levels left

Res.Fire  : . . .   See Invis. : .   B - +0,+2 whip (flame) (curse)
Res.Cold  : . . .   Warding    : .   v - +3 dwarf ring mail (curse)
Life Prot.: . . .   Conserve   : .   (no shield)
Res.Poison: .       Res.Corr.  : .   (helmet restricted)
Res.Elec. : .       Clarity    : .   u - +0 elf cloak
Sust.Abil.: . .     Spirit.Shd : .   (no gloves)
Res.Mut.  : .       Stasis     : .   (no boots)
Res.Rott. : .       Flight     : .   (no amulet)
Saprovore : . . .                    (no ring)
                                     (no ring)

@: regenerating, very resistant to hostile enchantments, very unstealthy
A: retaliatory headbutt, horns 2, wild magic 1, Str +1, Dex -2
a: Burn Spellbooks, Berserk, Trog's Hand, Brothers in Arms, Renounce Religion


You were on level 7 of the Dungeon.
You worshipped Trog.
Trog was extremely pleased with you.
You were hungry.

You visited 1 branch of the dungeon, and saw 7 of its levels.

You collected 291 gold pieces.
You spent 96 gold pieces at shops.

Inventory:

Hand weapons
 a - a +0,-1 mace
 B - a cursed +0,+2 whip of flaming (weapon)
Armour
 b - a +0 animal skin
 u - a +0 elven cloak (worn)
 v - a cursed +3 dwarven ring mail (worn)
Comestibles
 c - 2 bread rations
 k - 2 meat rations
 o - a pear
 x - a choko
 C - an apple
Scrolls
 d - 4 scrolls of remove curse
 e - a scroll of fear
 f - 11 scrolls of identify
 g - a scroll of teleportation
 h - a scroll of recharging {unknown}
Potions
 j - 3 potions of heal wounds
 m - a potion of brilliance


   Skills:
 - Level 3.6 Fighting
 * Level 14.1 Maces & Flails
 - Level 2.4 Armour
 - Level 2.1 Dodging


You had 8 spell levels left.
You didn't know any spells.

Dungeon Overview and Level Annotations

Branches:
Dungeon (7/27)             Temple (0/1) D:7
    Orc: D:6-11

Altars:
Elyvilon
Makhleb
Okawaru
Xom
Yredelemnul

Shops:
D:7: ?

Annotations
D:7 exclusion: oklob sapling


Innate Abilities, Weirdness & Mutations

You reflexively headbutt those who attack you in melee.
You have a pair of horns on your head.
You are clumsy (Dex -1).
Your muscles are strong, but stiff (Str +1, Dex -1).
Your spells are a little harder to cast, but a little more powerful.


Message History

You hit the orc warrior. You burn the orc warrior.
The orc warrior is moderately wounded.
The orc warrior barely misses you.
An orc comes into view. It is wielding an orcish dagger.
You whack the orc warrior! You burn the orc warrior.
You headbutt the orc warrior, but do no damage.
The orc warrior is heavily wounded.
You hit the orc warrior but do no damage.
The orc warrior is heavily wounded.
The orc warrior hits you with an orcish great mace!
The orc priest calls down the wrath of Beogh upon you.
Something smites you!
* * * LOW HITPOINT WARNING * * *
Use which ability? (? or * to list)
Your skin crawls.
You feel resistant to hostile enchantments.
You are feeling hungry.
The orc priest calls down the wrath of Beogh upon you.
Something smites you!
You die... .. .# .... .## $PP.. ... .PPPP.

..#
PPPP.P###.o#
P.>PPP...o.#
.PP..P..o...#
..PPPP..[##.###
.P..P.P#@##...
.......#)##.##
#.....).....#
###...#.##..#
##.##%##..# #.
#.##..# #
#.##..# #.....#
####..#


You could see an orc warrior, an oklob sapling, an orc priest and an orc.

Vanquished Creatures
  Pikel (D:5)
  Menkaure (D:5)
  An ogre (D:6)
  4 slaves (D:5)
  A black bear (D:6)
  An ice beast (D:5)
  A water moccasin (D:6)
  Sigmund (D:5)
  A gnoll sergeant (D:6)
  A crimson imp (D:5)
  A giant frog zombie (D:6)
  A giant frog skeleton (D:6)
  A goliath beetle (D:6)
  An orc priest (D:5)
  2 iguanas (D:6)
  2 worker ants
  2 orc wizards
  5 hounds
  2 scorpions
  Ijyb (D:2)
  2 jellies
  Terence (D:2)
  4 gnolls
  A hound skeleton (D:6)
  9 adders
  3 giant mites
  4 worms
  An iguana skeleton (D:6)
  A giant eyeball (D:6)
  4 oozes
  8 giant geckos
  6 orcs
  4 giant cockroaches
  7 goblins
  16 hobgoblins
  2 ball pythons
  8 bats
  7 giant newts
  4 jackals
  17 kobolds
  A kobold zombie (D:6)
  8 rats
  4 ballistomycetes
153 creatures vanquished.

Vanquished Creatures (others)
  An iguana (D:5)
  An adder (D:7)
  A bat (D:5)
  2 giant spores
5 creatures vanquished.

Grand Total: 158 creatures vanquished

Notes
Turn   | Place    | Note
--------------------------------------------------------------
     0 | D:1      | Kae, the Minotaur Berserker, began the quest for the Orb.
     0 | D:1      | Reached XP level 1. HP: 19/19 MP: 0/0
   102 | D:1      | Found a shimmering altar of Xom.
   105 | D:1      | Found a shimmering altar of Xom.
   110 | D:1      | Reached skill level 4 in Maces & Flails
   198 | D:1      | Reached XP level 2. HP: 17/26 MP: 0/0
   341 | D:1      | Reached skill level 5 in Maces & Flails
   341 | D:1      | Reached XP level 3. HP: 2/33 MP: 1/1
   709 | D:1      | Acquired Trog's second power
   947 | D:2      | Noticed Terence
   952 | D:2      | Killed Terence
  1111 | D:2      | Noticed Ijyb
  1114 | D:2      | Reached XP level 4. HP: 34/39 MP: 1/1
  1124 | D:2      | Killed Ijyb
  1124 | D:2      | Reached skill level 6 in Maces & Flails
  1901 | D:3      | Reached XP level 5. HP: 40/46 MP: 1/1
  1929 | D:3      | Reached skill level 7 in Maces & Flails
  2089 | D:3      | Found an iron altar of Okawaru.
  2089 | D:3      | Found a basalt altar of Yredelemnul.
  2635 | D:4      | Reached skill level 8 in Maces & Flails
  2729 | D:4      | Reached XP level 6. HP: 42/52 MP: 2/2
  3154 | D:4      | Found a burning altar of Makhleb.
  3338 | D:4      | Found a white marble altar of Elyvilon.
  3551 | D:5      | Entered Level 5 of the Dungeon
  3566 | D:5      | Noticed Pikel
  3585 | D:5      | Killed Pikel
  3585 | D:5      | Reached skill level 10 in Maces & Flails
  3585 | D:5      | Reached XP level 7. HP: 54/59 MP: 2/2
  3722 | D:5      | Noticed Sigmund
  3740 | D:5      | Killed Sigmund
  3740 | D:5      | Reached skill level 11 in Maces & Flails
  4141 | D:5      | Reached XP level 8. HP: 66/66 MP: 2/2
  4382 | D:5      | Noticed Menkaure
  4397 | D:5      | Killed Menkaure
  4407 | D:5      | Reached skill level 12 in Maces & Flails
  4678 | D:5      | Gained mutation: Your spells are a little harder to cast, but a little more powerful. [potion of mutation]
  4678 | D:5      | Gained mutation: Your muscles are strong, but stiff (Str +1, Dex -1). [potion of mutation]
  4678 | D:5      | Gained mutation: You are clumsy (Dex -1). [potion of mutation]
  4702 | D:6      | Acquired Trog's third power
  5209 | D:6      | Reached skill level 13 in Maces & Flails
  5607 | D:6      | Paralysed by a giant eyeball for 2 turns
  5787 | D:6      | Reached XP level 9. HP: 68/72 MP: 3/3
  5982 | D:7      | Reached skill level 14 in Maces & Flails
  6095 | D:7      | Found Ruvyniyf's Magic Scroll Emporium.
  6102 | D:7      | Bought a scroll of identify for 32 gold pieces
  6102 | D:7      | Bought a scroll of identify for 32 gold pieces
  6102 | D:7      | Bought a scroll of identify for 32 gold pieces
  6117 | D:7      | Found a staircase to the Ecumenical Temple.
  6139 | D:7      | Killed from afar by an orc priest

Action                   |  1- 3 |  4- 6 |  7- 9 || total
-------------------------+-------+-------+-------++-------
Melee: Mace              |    73 |   182 |    11 ||   266
       Whip              |       |       |   280 ||   280
Invok: Berserk           |     2 |     1 |     3 ||     6
       Trog's Hand       |       |       |     2 ||     2
  Use: Scroll            |       |       |    17 ||    17
       Potion            |       |       |    10 ||    10
